 Dungeon Crawl Stone Soup version 0.25.1-8-g42b30a86e7 (webtiles) character file.

Game seed: 15037707923554110905

30 ew1980 the Scratcher (level 3, -2/15 HPs)
             Began as a Felid Transmuter on Dec 6, 2020.
             Killed by nerve-wracking pain
             ... invoked by an orc priest
              (8 damage)
             ... on level 2 of the Dungeon.
             The game lasted 00:05:32 (1323 turns).

ew1980 the Scratcher (Felid Transmuter)             Turns: 1323, Time: 00:05:33

Health: -2/15      AC:  1    Str:  6    XL:     3   Next: 5%
Magic:  6/7        EV: 18    Int: 14    God:
Gold:   116        SH:  0    Dex: 17    Spells: 3/6 levels left
                                        Lives:  0   Deaths: 0

rFire    . . .     SeeInvis +     - Unarmed
rCold    . . .     Gourm    .   (shield unavailable)
rNeg     . . .     Faith    .   (armour unavailable)
rPois    .         Spirit   .   (helmet unavailable)
rElec    .         Reflect  .   (cloak unavailable)
rCorr    .         Harm     .   (gloves unavailable)
MR       .....                  (boots unavailable)
Stlth    ++........             (no amulet)
HPRegen  0.05/turn              (no ring)
MPRegen  0.10/turn              (no ring)

@: appendage (expiring), quick
A: very small, no armour, no weapons or thrown items, stealth, claws 1, fangs 3,
horns 2, see invisible, carnivore, speed 1, shaggy fur 1, slow metabolism 1,
sharp paws
a: End Transformation


You were on level 2 of the Dungeon.
You were completely stuffed.
You had grown temporary horns.
You visited 1 branch of the dungeon, and saw 2 of its levels.

You collected 116 gold pieces.

Inventory:

Missiles
 a - 43 arrows
Scrolls
 b - a scroll of random uselessness {unknown}
 d - 2 scrolls of blinking {unknown}
 e - 2 scrolls of identify {unknown}
 h - 2 scrolls of remove curse {unknown}
Potions
 g - a potion of stabbing {unknown}
Comestibles
 c - 3 rations


   Skills:
 + Level 1.5 Fighting
 + Level 3.1 Dodging
 + Level 3.2 Unarmed Combat
 + Level 2.3 Spellcasting
 + Level 2.6 Transmutations


You had 3 spell levels left.
You knew the following spells:

 Your Spells              Type           Power        Failure   Level  Hunger
a - Beastly Appendage     Tmut           #.....       8%          1    #......
b - Sticks to Snakes      Tmut           #.......     12%         2    ###....

Your spell library contained the following spells:

 Spells                   Type           Power        Failure   Level  Hunger
 Spider Form              Tmut/Pois      #.........   38%         3    ###....
 Ice Form                 Ice/Tmut       #.......     80%         4    #####..
 Blade Hands              Tmut           #.........   91%         5    ######.


Dungeon Overview and Level Annotations

Branches:
Dungeon (2/15)

Altars:


Innate Abilities, Weirdness & Mutations

You cannot wear armour.
You are incapable of wielding weapons or throwing items.
Your paws allow you to move quietly. (Stealth)
You have sharp claws.
You have razor-sharp teeth.
You have supernaturally acute eyesight. (SInv)
You are carnivorous and can eat meat at any time.
You cover ground quickly.
You are covered in fur. (AC +1)
You have a slow metabolism.
Your sharp claws are effective at attacking unaware monsters.
You have a pair of horns on your head.


Message History

Confirm with . or Enter, or press ? or * to list all spells.
You grow a pair of large bovine horns.
An orc comes into view. It is wielding a +0 club.
The orc completely misses you.
You barely miss the orc. Your bite misses the orc.
A rat comes into view.
The orc priest completely misses you. The orc barely misses you.
You scratch the orc priest.
The orc priest is moderately wounded.
The orc priest misses you.
An adder comes into view.
An orc comes into view.
You barely miss the orc priest.
The orc priest is moderately wounded.
Your transformation is almost over.
The orc hits you with a +0 mace!
Ouch! That really hurt!
The orc priest invokes the aid of Beogh against you.
Pain shoots through your body!
Ouch! That really hurt!
You die... ....
S.. .$.. o..##.##S.. ..§§§§... ..§.§.. §§§§. oSr

#o# ##############
#@###.............
#o....############
#####.# ###


You could see an orc priest, 2 adders, 3 orcs and a rat.

Vanquished Creatures
  2 dart slugs
  2 leopard geckos (D:1)
  A giant cockroach (D:1)
  5 goblins
  4 hobgoblins (D:1)
  A bat (D:1)
  A frilled lizard (D:1)
  4 kobolds
  3 rats
23 creatures vanquished.

Notes
Turn   | Place    | Note
-------+----------+-------------------------------------------
     0 | D:1      | ew1980 the Felid Transmuter began the quest for the Orb.
     0 | D:1      | Reached XP level 1. HP: 9/9 MP: 4/4
   331 | D:1      | Reached XP level 2. HP: 8/12 MP: 4/6
   435 | D:1      | Learned a level 2 spell: Sticks to Snakes
  1309 | D:2      | Reached XP level 3. HP: 15/15 MP: 7/7
  1323 | D:2      | Killed from afar by an orc priest

Illustrated notes

Levels and vault maps discovered:
D:1:      sevenhm_arrival_forest_fort_large_2, layout_loops_ring,
          dk_noncrumbling_4, minmay_quantized
D:2:      layout_basic, first_ration, kennysheep_generic_room_2

Skill      XL: |  1  2 |
---------------+-------+-----
Dodging        | 3 |  3.1
Fighting       | |  1.5
Unarmed Combat | |  3.2
Spellcasting   | |  2.3
Transmutations | |  2.6

Action                   || total
-------------------------++-------
Melee: Unarmed           ||    62
       Headbutt          ||     7
       Punch             ||     2
       Bite              ||     1
 Cast: Beastly Appendage ||     7
 Stab: Sleeping          ||     6
  Eat: Chunk             ||     8
Armor: Skin              ||     1
Dodge: Dodged            ||    38
